 Dungeon Crawl Stone Soup version 0.31-a0-841-g038b102fc3 (webtiles) character file.

Game seed: 379715056683480875

111 Bravepunisher the Ducker (level 4, -1/23 HPs)
             Began as a Spriggan Monk on Sept 27, 2023.
             Was a Believer of Makhleb.
             Killed from afar by Ijyb (15 damage)
             ... with a bolt of light
             ... on level 3 of the Dungeon.
             The game lasted 00:07:09 (2157 turns).

Bravepunisher the Ducker (Spriggan Monk)            Turns: 2157, Time: 00:07:09

Health: -1/23      AC:  3    Str:  7    XL:     4   Next: 62%
Magic:  7/7        EV: 20    Int: 11    God:    Makhleb [**....]
Gold:   153        SH:  0    Dex: 19    Spells: 3/3 levels left

rFire   . . .        a - +0 short sword
rCold   . . .        (no shield)
rNeg    . . .        b - +0 robe
rPois   .            (helmet restricted)
rElec   .            o - +0 cloak
rCorr   .            (gloves unavailable)
SInv    +            (boots unavailable)
Will    .....        (no amulet)
Stlth   ++           (no ring)
HPRegen 0.23/turn    (no ring)
MPRegen 0.10/turn

%: no passive effects
@: very quick
A: very small, no large weapons, unfitting armour, see invisible, speed 3
a: Renounce Religion, Minor Destruction


You were on level 3 of the Dungeon.
You worshipped Makhleb.
Makhleb was pleased with you.
You visited 2 branches of the dungeon, and saw 5 of its levels.

You collected 153 gold pieces.

Inventory:

Hand Weapons
 a - a +0 short sword (weapon)
Missiles
 n - a throwing net
Armour
 b - a +0 robe (worn)
 o - a +0 cloak (worn)
Wands
 p - a wand of flame (22)
Scrolls
 d - 2 scrolls of brand weapon {unknown}
 g - a scroll of noise {unknown}
 h - a scroll of vulnerability {unknown}
 i - 3 scrolls of identify {unknown}
 j - 2 scrolls of amnesia {unknown}
 k - a scroll of revelation {unknown}
Potions
 c - a potion of ambrosia
 e - a potion of enlightenment {unknown}
 f - a potion of berserk rage {unknown}
 l - a potion of degeneration {unknown}
 m - a potion of mutation {unknown}


   Skills:
 - Level 2.6 Fighting
 - Level 3.2 Short Blades
 + Level 5.2 Dodging
 * Level 3.2 Invocations


You had 3 spell levels left.
You didn't know any spells.
Your spell library was empty.

Dungeon Overview and Level Annotations

Branches:
Dungeon (4/15)             Temple (1/1) D:4

Altars:
Ashenzari
Cheibriados
Elyvilon
Fedhas
Gozag
Hepliaklqana
Kikubaaqudgha
Makhleb
Nemelex Xobeh
Okawaru
Qazlal
Ru
Sif Muna
Trog
Uskayaw
Vehumet
Wu Jian
Xom
Yredelemnul
Zin
The Shining One

Annotations:
D:3 Ijyb
D:4 2 runed translucent doors, Dowan; Duvessa; boiyoioing's ghost, amateur GnCA


Innate Abilities, Weirdness & Mutations

You are very small and have problems with some larger weapons.
You are too small for most types of armour.
You have supernaturally acute eyesight. (SInv)
You cover ground extremely quickly. (Speed+++)


Message History

Press: ? - help, Shift-Dir - straight line, f/p - rat
Aim: a rat The stone arrow misses the rat.
You hit the rat.
You kill the rat!
Makhleb accepts your kill.
Aiming: Minor Destruction (4% risk of failure)
Press: ? - help, Shift-Dir - straight line, f - dart slug
Aim: a dart slug (asleep)
The glob of acid hits the dart slug!
The acid corrodes the dart slug!
You kill the dart slug!
Makhleb accepts your kill.
Found a rapier.
You now have 153 gold pieces (gained 14).
p - a wand of flame (22) Ijyb the Twisted Goblin comes into view.
She is wielding a +3 club and carrying a wand of light.
Aiming: Minor Destruction (4% risk of failure)
Press: ? - help, Shift-Dir - straight line, f - Ijyb
Aim: Ijyb, wielding a +3 club, wearing a +0 leather armour and carrying a wand of light The glob of acid misses Ijyb.
Aiming: Minor Destruction (4% risk of failure)
Press: ? - help, Shift-Dir - straight line, f/p - Ijyb
Aim: Ijyb, wielding a +3 club, wearing a +0 leather armour and carrying a wand of light The zap misses Ijyb.
Aiming: Minor Destruction (4% risk of failure)
Press: ? - help, Shift-Dir - straight line, f/p - Ijyb
Aim: Ijyb, wielding a +3 club, wearing a +0 leather armour and carrying a wand of light Ijyb writhes in agony.
Aiming: Minor Destruction (4% risk of failure)
Press: ? - help, Shift-Dir - straight line, f/p - Ijyb
Aim: Ijyb, wielding a +3 club, wearing a +0 leather armour and carrying a wand of light (lightly wounded)
The stone arrow misses Ijyb.
Ijyb zaps a wand.
The bolt of light hits you.
Aiming: Minor Destruction (4% risk of failure)
Press: ? - help, Shift-Dir - straight line, f/p - Ijyb
Aim: Ijyb, wielding a +3 club, wearing a +0 leather armour and carrying a wand of light (lightly wounded)
The stone arrow hits Ijyb!
Ijyb is heavily wounded.
Ijyb zaps a wand.
The bolt of light hits you!
Ouch! That really hurt!
You die...

#.... #.... #.... #########
##########.... #.......##
#.............
.......##g.#####.............
.....#. ##....##.............
#... #. #....##.............
.#. .. #..@.##............. #
.. #................... ...
#....##..#.......... ...
##........##.........
.......................
....................)..
.......................
.......................
.......................


You could see Ijyb.

Vanquished Creatures
  Crazy Yiuf (D:3)
  Jessica (D:3)
  An adder (D:3)
  An ufetubus (D:2)
  A dart slug (D:3)
  5 orcs (D:3)
  A ball python (D:3)
  An endoplasm (D:1)
  3 goblins
  5 hobgoblins
  3 jackals (D:1)
  3 quokkas
  2 bats
  4 frilled lizards (D:1)
  A kobold (D:2)
  2 rats
35 creatures vanquished.

Notes
Turn   | Place    | Note
-------+----------+-------------------------------------------
     0 | D:1      | Bravepunisher the Spriggan Monk began the quest for the
                  | Orb.
     0 | D:1      | Reached XP level 1. HP: 11/11 MP: 2/2
   103 | D:2      | Found a white marble altar of Elyvilon.
   164 | D:3      | Noticed Jessica
   219 | D:4      | Noticed a phantom
   241 | D:4      | Noticed Dowan
   242 | D:4      | Noticed Duvessa
   292 | D:4      | Found a staircase to the Ecumenical Temple.
   306 | Temple   | Entered the Ecumenical Temple
   315 | Temple   | Became a worshipper of Makhleb the Destroyer
   315 | Temple   | Reached * piety under Makhleb
   315 | Temple   | Reached ** piety under Makhleb
   328 | D:4      | Found a runed translucent gate.
   329 | D:4      | Found a runed translucent gate.
   330 | D:4      | Noticed boiyoioing's ghost (amateur GnCA)
   351 | D:4      | Noticed a sleepcap
   532 | D:1      | Reached XP level 2. HP: 14/16 MP: 3/3
   571 | D:1      | Reached skill level 1 in Invocations
  1834 | D:3      | Reached XP level 3. HP: 16/19 MP: 5/5
  1952 | D:3      | Found a runed translucent door.
  1953 | D:3      | Noticed Crazy Yiuf
  1971 | D:3      | Killed Crazy Yiuf
  1972 | D:3      | Reached skill level 5 in Dodging
  1972 | D:3      | Reached XP level 4. HP: 21/23 MP: 5/7
  2072 | D:3      | Killed Jessica
  2145 | D:3      | Noticed Ijyb
  2157 | D:3      | Killed from afar by Ijyb

Illustrated notes

Levels and vault maps discovered:
D:1:      minmay_arrival_four_circles, layout_basic, kennysheep_boxes
D:2:      layout_loops_cross, basic_altar
D:3:      layout_rooms, minmay_misc_feat_chi, uniq_ijyb,
          uniq_crazy_yiuf_cottage, uniq_jessica
D:4:      layout_loops_cross, minmay_temple_entry_overgrown,
          gammafunk_ghost_nasty_kobolds, nicolae_goblin_pals, uniq_robin,
          uniq_duvessa, uniq_sigmund
Temple:   nicolae_temple_bog_church

Skill      XL: |  1  2  3  4 |
---------------+-------------+-----
Invocations    | 1 2 3 |  3.2
Dodging        | 5 |  5.2
Fighting       | |  2.6
Short Blades   | |  3.2

Action                     |  1- 3 |  4- 6 || total
---------------------------+-------+-------++-------
  Melee: Short sword       |    21 |     1 ||    22
 Invoke: Minor Destruction |    56 |    15 ||    71
 Armour: Robe              |    14 |     2 ||    16
  Dodge: Dodged            |    55 |       ||    55

Table legend: (Time is in decaauts)
 A = Elapsed time spent in this place.
 B = Non-inter-level travel time spent in this place.
 C = Inter-level travel time spent in this place.
 D = Time resting spent in this place.
 E = Time spent auto-exploring this place.
 F = Levels seen in this place.
 G = Mean time per level.
                   A        B        C        D        E       F      G
               +--------+--------+--------+--------+--------+-----+--------+
         Total |   1431 |   1393 |     38 |      0 |   1006 |   5 |  286.2 |
       Dungeon |   1418 |   1380 |     38 |      0 |   1006 |   4 |  354.5 |
        Temple |     12 |     12 |      0 |      0 |      0 |   1 |   12.0 |
               +--------+--------+--------+--------+--------+-----+--------+

Top non-repeatable levels by time:
     D:1: 596 daAuts
     D:2: 451 daAuts
     D:3: 292 daAuts
     D:4: 78 daAuts
  Temple: 12 daAuts
